 Dungeon Crawl Stone Soup version 0.30.0-29-ga12c61a403 (webtiles) character file.

Game seed: 9289419613481653141

12614 Fecro the Covert (level 11, -3/54 HPs)
             Began as a Spriggan Brigand on June 13, 2023.
             Was a Believer of Dithmenos.
             Succumbed to a kobold brigand's curare-tipped dart
             ... on level 11 of the Dungeon.
             The game lasted 01:22:26 (12769 turns).

Fecro the Covert (Spriggan Brigand)                Turns: 12769, Time: 01:22:27

Health: -3/54      AC:  4    Str:  7    XL:     11   Next: 64%
Magic:  23/23      EV: 22    Int: 13    God:    Dithmenos [**....]
Gold:   772        SH:  0    Dex: 21    Spells: 20/25 levels left

rFire   + . .        I - +0 arbalest
rCold   x . .        (shield currently unavailable)
rNeg    + . .        G - +1 robe {rN+}
rPois   .            (helmet restricted)
rElec   .            c - +0 cloak
rCorr   .            (gloves unavailable)
SInv    +            (boots unavailable)
Will    +....        (no amulet)
Stlth   +++++++      K - +4 ring of slaying
HPRegen 0.29/turn    u - ring of fire
MPRegen 0.18/turn

%: no passive effects
@: lethally poisoned (-3 -> -15), slowed, wreathed by umbra, quick
A: very small, no large weapons, unfitting armour, see invisible, speed 3
a: Renounce Religion, Shadow Step


You were on level 11 of the Dungeon.
You worshipped Dithmenos.
Dithmenos was pleased with you.
You visited 2 branches of the dungeon, and saw 13 of its levels.
You also visited: Sewer.

You collected 772 gold pieces.

Inventory:

Hand Weapons
 s - a +2 vampiric dagger
 I - a +0 arbalest (weapon)
Missiles
 d - 9 poisoned darts
 t - 6 boomerangs
 v - a silver boomerang
 O - a curare-tipped dart
Armour
 c - a +0 cloak (worn)
 G - a +1 robe of positive energy (worn)
Jewellery
 o - a ring of flight
 u - a ring of fire (right hand)
 K - a +4 ring of slaying (left hand)
Wands
 p - a wand of digging (8)
 w - a wand of mindburst (8)
 D - a wand of polymorph (7)
Scrolls
 e - a scroll of torment {unknown}
 f - 2 scrolls of fog {unknown}
 g - 4 scrolls of fear {unknown}
 i - 2 scrolls of magic mapping {unknown}
 k - 6 scrolls of identify {unknown}
 m - 2 scrolls of silence {unknown}
 n - 7 scrolls of teleportation {unknown}
 q - a scroll of vulnerability {unknown}
 r - 2 scrolls of poison {unknown}
 y - 3 scrolls of enchant weapon {unknown}
 E - a scroll of enchant armour {unknown}
 H - 2 scrolls of amnesia {unknown}
 J - 3 scrolls of acquirement {unknown}
 L - 2 scrolls of noise {unknown}
Potions
 a - a potion of flight {unknown}
 b - a potion of lignification {unknown}
 h - 2 potions of invisibility {unknown}
 j - 5 potions of curing {unknown}
 l - 4 potions of haste {unknown}
 x - a potion of resistance {unknown}
 z - 2 potions of mutation {unknown}
 A - a potion of magic {unknown}
 B - 4 potions of might {unknown}
 C - a potion of berserk rage {unknown}
 F - a potion of degeneration {unknown}
 M - a potion of heal wounds {unknown}
Miscellaneous
 N - a lightning rod (1/4)


   Skills:
 + Level 4.9 Fighting
 + Level 6.1 Short Blades
 - Level 0.1(2.8) Long Blades
 + Level 11.4 Ranged Weapons
 + Level 5.1 Throwing
 + Level 7.0 Dodging
 + Level 13.5 Stealth
 * Level 7.6 Spellcasting
 + Level 0.9 Transmutations
 + Level 2.9 Evocations


You had 20 spell levels left.
You knew the following spells:

 Your Spells              Type           Power      Damage    Failure   Level
a - Beastly Appendage     Tmut           14%        N/A       10%         1
b - Slow                  Hex            16%        N/A       14%         1
c - Freeze                Ice            16%        1d4       14%         1
d - Wereblood             Tmut           7%         N/A       14%         2

Your spell library contained the following spells:

 Spells                   Type           Power      Damage    Failure   Level
 Lesser Beckoning         Tloc           8%         N/A       22%         2
 Poisonous Vapours        Pois/Air       8%         N/A       22%         2
 Spider Form              Tmut/Pois      6%         N/A       34%         3
 Confusing Touch          Hex            4%         N/A       41%         3
 Frozen Ramparts          Ice            8%         1d2       41%         3
 Gell's Gravitas          Tloc           4%         N/A       41%         3
 Hailstorm                Conj/Ice       4%         3d4       41%         3
 Mephitic Cloud           Conj/Pois/Air  4%         N/A       41%         3
 Portal Projectile        Hex/Tloc       8%         N/A       41%         3
 Teleport Other           Tloc           4%         N/A       41%         3
 Tukima's Dance           Hex            4%         N/A       41%         3
 Vampiric Draining        Necr           4%         2d6       41%         3
 Animate Armour           Summ/Erth      8%         N/A       82%         4
 Blade Hands              Tmut           3%         N/A       95%         5
 Freezing Cloud           Conj/Ice/Air   2%         6-21      99%         5
 Iron Shot                Conj/Erth      2%         9d2       100%        6


Dungeon Overview and Level Annotations

Branches:
Dungeon (12/15)            Temple (1/1) D:6            Lair (0/5) D:11
  Sewer (visited)
    Orc: D:9-12

Altars:
Cheibriados
Dithmenos
Elyvilon
Fedhas
Gozag
Hepliaklqana
Kikubaaqudgha
Makhleb
Nemelex Xobeh
Okawaru
Qazlal
Ru
Sif Muna
Trog
Uskayaw
Vehumet
Wu Jian
Xom
Yredelemnul
Zin
The Shining One

Annotations:
D:1 1 runed translucent door
D:6 2 runed translucent doors, JMMCWHIRT's ghost, novice MiCK
D:9 Maurice


Innate Abilities, Weirdness & Mutations

You are very small and have problems with some larger weapons.
You are too small for most types of armour.
You have supernaturally acute eyesight. (SInv)
You cover ground extremely quickly. (Speed+++)


Message History

The curare-tipped dart closely misses you.
You shoot a bolt.
The bolt closely misses the kobold brigand.
You hear the loud crackling of a very distant melting archway.
The kobold brigand throws a curare-tipped dart.
The curare-tipped dart barely misses you.
You shoot a bolt.
The bolt barely misses the kobold brigand.
You hear a shout!
The kobold brigand throws a curare-tipped dart.
The curare-tipped dart hits you.
You are poisoned.
You have difficulty breathing.
You feel yourself slow down.
You feel very sick.
You feel sick.
The kobold brigand throws a curare-tipped dart.
The curare-tipped dart hits you.
You are more poisoned.
You have difficulty breathing.
You feel as though you will be slow longer.
You feel very sick.
The kobold brigand throws a curare-tipped dart.
The curare-tipped dart misses you.
You feel very sick.
The kobold brigand throws a curare-tipped dart.
The curare-tipped dart hits you.
You are lethally poisoned!
You have difficulty breathing.
* * * LOW HITPOINT WARNING * * *
You feel as though you will be slow longer.
A kobold comes into view. It is wielding a +0 dagger.
* * * LOW HITPOINT WARNING * * *
You feel very sick.
* * * LOW HITPOINT WARNING * * *
You feel very sick.
There is a stone staircase leading up, spattered with blood here.
* * * LOW HITPOINT WARNING * * *
You feel very sick.
You climb upwards.
You die...

P.....# #######'######
......# #.#### .##.###
#....## ....# ####..#
####### ########'#####
......# #............#
......# #.......[....#
......######............#
......+...##....@.......#
......###..+.....)......#
......# ####..........(.#
......# #............#
......# #..........[.#
......# #..........[.#
......# ###########)##
.###### ###.([.# ..#####
#.).####


There were no monsters in sight!

Vanquished Creatures
  A two-headed ogre (D:8)
  2 unseen horrors (D:11)
  4 kobold demonologists
  5 trolls
  Sigmund (D:3)
  4 wyverns
  Eustachio (D:5)
  26 yaks
  Grum (D:8)
  6 water moccasins
  Pargi (Sewer)
  11 orc warriors
  A black bear (D:5)
  An ice beast (D:5)
  A sky beast (D:6)
  3 ogres
  2 wolves (D:8)
  2 centaurs
  4 kobold brigands
  4 bullfrogs
  4 scorpions
  6 wights
  5 howler monkeys
  A jelly (D:5)
  4 hounds
  2 gnoll boudas
  4 orc priests
  7 iguanas
  2 orc wizards (D:8)
  12 gnolls
  9 adders
  A shadow imp (D:6)
  A white imp (D:8)
  An ufetubus (D:5)
  4 worms
  12 orcs
  9 ball pythons
  11 endoplasms
  3 giant cockroaches
  5 goblins
  5 hobgoblins
  3 jackals (D:1)
  21 kobolds
  6 quokkas
  2 bats
  12 frilled lizards
  2 rats
235 creatures vanquished.

Vanquished Creatures (others)
  A white imp (D:7)
1 creature vanquished.

Grand Total: 236 creatures vanquished

Notes
Turn   | Place    | Note
-------+----------+-------------------------------------------
     0 | D:1      | Fecro the Spriggan Brigand began the quest for the Orb.
     0 | D:1      | Reached XP level 1. HP: 10/10 MP: 2/2
     1 | D:1      | Found a runed translucent door.
    87 | D:1      | Reached skill level 6 in Stealth
   105 | D:1      | Reached XP level 2. HP: 14/14 MP: 3/3
   531 | D:1      | Reached skill level 1 in Spellcasting
   746 | D:2      | Reached XP level 3. HP: 18/18 MP: 4/6
  1059 | D:2      | Found a shimmering altar of Xom.
  1075 | D:2      | Reached skill level 7 in Stealth
  1160 | D:2      | Found a faded altar of an unknown god.
  1181 | D:2      | Learned a level 1 spell: Beastly Appendage
  1312 | D:2      | Reached XP level 4. HP: 22/22 MP: 8/8
  1934 | D:3      | Reached skill level 8 in Stealth
  1965 | D:3      | Reached XP level 5. HP: 21/26 MP: 9/9
  2383 | D:3      | Noticed Sigmund
  2419 | D:3      | Killed Sigmund
  2420 | D:3      | Reached skill level 9 in Stealth
  2420 | D:3      | Reached XP level 6. HP: 30/30 MP: 9/11
  3377 | D:4      | Found an ancient bone altar of Kikubaaqudgha.
  3486 | D:4      | Found a basalt altar of Yredelemnul.
  3526 | D:5      | Entered Level 5 of the Dungeon
  3526 | D:5      | Noticed Eustachio
  3529 | D:5      | Killed Eustachio
  3530 | D:5      | Reached XP level 7. HP: 35/35 MP: 11/13
  3594 | D:5      | Reached skill level 10 in Stealth
  3615 | D:5      | You fall into a shaft and drop 3 floors!
  3706 | D:8      | Noticed a two-headed ogre
  3795 | D:7      | Found a glowing golden altar of the Shining One.
  3802 | D:7      | Noticed a steam dragon
  4070 | D:5      | Found a glowing drain.
  4079 | Sewer    | Entered a sewer
  4138 | Sewer    | Noticed Pargi
  4165 | Sewer    | Killed Pargi
  4386 | D:5      | Reached skill level 11 in Stealth
  4549 | D:5      | Reached skill level 1 in Evocations
  4549 | D:5      | Reached XP level 8. HP: 27/39 MP: 15/15
  5290 | D:5      | Reached skill level 5 in Spellcasting
  5578 | D:6      | Identified the +2 dagger "Ikar" {antimagic, rPois rN+}
  5613 | D:6      | Found a runed translucent door.
  5617 | D:6      | Noticed JMMCWHIRT's ghost (novice MiCK)
  5692 | D:6      | Found a runed translucent door.
  5874 | D:6      | Found a staircase to the Ecumenical Temple.
  5880 | Temple   | Entered the Ecumenical Temple
  5945 | D:6      | Reached skill level 1 in Ranged Weapons
  5945 | D:6      | Reached skill level 12 in Stealth
  5997 | D:6      | Learned a level 1 spell: Slow
  6432 | D:7      | Reached XP level 9. HP: 26/43 MP: 18/18
  6745 | D:7      | Reached skill level 5 in Dodging
  7251 | D:8      | Killed a two-headed ogre
  7252 | D:8      | Reached skill level 5 in Short Blades
  7924 | D:8      | Noticed Grum
  7941 | D:8      | Killed Grum
  8085 | D:9      | Reached skill level 5 in Ranged Weapons
  8126 | D:9      | Found a sacrificial altar of Ru.
  8166 | D:9      | Noticed a troll
  8176 | D:9      | Killed a troll
  8177 | D:9      | Reached XP level 10. HP: 49/49 MP: 21/21
  8361 | D:9      | Found an iron altar of Okawaru.
  8473 | D:9      | Found a burning altar of Makhleb.
  8484 | D:9      | Found a shadowy altar of Dithmenos.
  8493 | D:9      | Became a worshipper of Dithmenos the Shadowed
  8499 | D:9      | Found a snail-covered altar of Cheibriados.
  8738 | D:9      | Noticed Maurice
  8834 | D:10     | Entered Level 10 of the Dungeon
  8941 | D:10     | Found a white marble altar of Elyvilon.
  8942 | D:10     | Found a glowing silver altar of Zin.
  9315 | D:10     | Reached skill level 13 in Stealth
  9659 | D:10     | Learned a level 1 spell: Freeze
  9662 | D:10     | Learned a level 2 spell: Wereblood
  9832 | D:10     | Found a white marble altar of Elyvilon.
  9834 | D:10     | Found a shimmering blue altar of Sif Muna.
  9834 | D:10     | Found a glowing golden altar of the Shining One.
  9836 | D:10     | Found a basalt altar of Yredelemnul.
  9836 | D:10     | Found a shimmering altar of Xom.
  9836 | D:10     | Found a hide-covered altar of Uskayaw.
 10343 | D:11     | Found a burning altar of Makhleb.
 10408 | D:11     | Reached XP level 11. HP: 51/54 MP: 22/22
 10409 | D:11     | Reached * piety under Dithmenos
 10460 | D:11     | Found a staircase to the Lair.
 10646 | D:11     | Reached skill level 10 in Ranged Weapons
 10877 | D:11     | Reached skill level 5 in Throwing
 12406 | D:11     | Reached ** piety under Dithmenos
 12768 | D:12     | HP: 2/54 [poisoned by a kobold brigand (curare-tipped
                  | dart)]
 12769 | D:11     | Succumbed to a kobold brigand's curare-tipped dart

Illustrated notes

Levels and vault maps discovered:
D:1:      dpeg_arrival_caged_fury, layout_loops_ring
D:2:      layout_loops_corners, hellmonk_ecumenical_altar_lost_god, basic_altar,
          kennysheep_generic_room_3
D:3:      layout_rooms, roderic_lattice_a, uniq_sigmund
D:4:      layout_rooms, nicolae_kikubaaqudgha_miasma_corner,
          kennysheep_little_box, nicolae_grassy_gnolls
D:5:      layout_cave_pools, cheibrodos_sewer_entry_bend, serial_bayou_crossing,
          uniq_eustachio
D:6:      layout_loops_cross, minmay_temple_entry_overgrown,
          ebering_ghost_sewer_f
D:7:      layout_gridville, mainiacjoe_overflow_concentric_impassable,
          st_stairs_5
D:8:      layout_basic, minmay_statues_item, uniq_grum
D:9:      layout_loops_ring, hangedman_ru_absence,
          minmay_overflow_temple_star_hex, minmay_joined_circles, uniq_maurice
D:10:     layout_loops_ring, chequers_temple_overflow_statue_of_worship,
          doesnt_xom_only_xom
D:11:     layout_roguey, minmay_lair_entry_grove, bloody_makhleb
D:12:     layout_roguey [special_room_orc],
          kennysheep_orc_monster_closet_entryway,
          portal_ice_cave_entry_pillars_1, introduction_to_nature_1
Temple:   hellmonk_temple_micro_hex

Skill      XL: |  1  2  3  4  5  6  7  8  9 10 11 |
---------------+----------------------------------+-----
Stealth        | 6 7 8 9 11 12 13 | 13.5
Spellcasting   | 1 2 3 4 5 7 |  7.6
Dodging        | 2 3 4 6 7 |  7.0
Short Blades   | 3 4 5 6 |  6.1
Fighting       | 2 3 4 |  4.9
Throwing       | 3 4 5 |  5.1
Evocations     | 1 2 |  2.9
Ranged Weapons | 1 5 9 11 | 11.4
Long Blades    | |  0.1
Transmutations | |  0.9

Action                     |  1- 3 |  4- 6 |  7- 9 | 10-12 || total
---------------------------+-------+-------+-------+-------++-------
  Melee: Dagger            |    70 |   109 |   218 |    84 ||   481
         Long sword        |    12 |       |       |       ||    12
         Punch             |     2 |       |     5 |     1 ||     8
         Kick              |       |     7 |     1 |       ||     8
         Headbutt          |       |     2 |     1 |       ||     3
   Fire: Shortbow          |       |       |    12 |       ||    12
         Arbalest          |       |       |    61 |   299 ||   360
  Throw: Dart              |     4 |    42 |    29 |     9 ||    84
         Boomerang         |       |       |       |     5 ||     5
   Cast: Beastly Appendage |       |     2 |     1 |       ||     3
         Slow              |       |       |     1 |       ||     1
  Evoke: Wand              |       |       |    18 |     6 ||    24
         Lightning rod     |       |       |       |     7 ||     7
   Stab: Sleeping          |    12 |    10 |    12 |     5 ||    39
         Distracted        |     1 |     1 |     1 |       ||     3
 Armour: Robe              |    13 |     9 |    16 |    12 ||    50
  Dodge: Dodged            |    43 |    61 |   190 |   166 ||   460
